AoeStats
← Talerx3764

Arabia

506428534Analyzed
2v2 RM · 18d ago on Sep 13, 2026· 43m 34s· 4 players
Game mode
Random Map
Map size
Medium (4 player)
Population
200
Speed
Normal
Resources
Standard
Victory
Conquest
Starting age
Dark Age
Ending age
Imperial Age
RankedLock teamsTeams togetherTeam positionsShared explorationLock speedFull tech treeHidden civsTurbo modeCheats
Victory
Defeat
🇨🇱 Japanese · Chile
761
+16
🇺🇸 Hindustanis · United States
757
+16
🇮🇳 Persians · India
786
-46
🇮🇳 Franks · India
734
-15
julienPlvg91
0:40 Loom
10:25 Feudal Age
11:01 Double-Bit Axe
21:25 Castle Age
19:46 Gold Mining
19:47 Stone Mining
27:00 Gold Shaft Mining
27:43 Bow Saw
35:23 Imperial Age
34:52 Scale Barding Armor
34:58 Forging
36:35 Cavalier
37:44 Chain Barding Armor
37:49 Pikeman
40:34 Husbandry
40:16 Halberdier
Panther
10:13 Feudal Age
22:06 Castle Age
31:59 Wheelbarrow
31:12 Town Watch
31:13 Loom
34:01 Hand Cart
39:32 Town Patrol
Talerx3764
1:55 Loom
11:04 Feudal Age
11:31 Double-Bit Axe
11:27 Horse Collar
24:00 Castle Age
22:30 Stone Mining
22:43 Scale Mail Armor
23:48 Forging
23:40 Gold Mining
24:35 Pikeman
25:16 Squires
25:10 Gambesons
25:47 Bow Saw
25:56 Heavy Plow
26:46 Chain Mail Armor
28:00 Town Watch
28:58 Iron Casting
29:36 Gold Shaft Mining
31:25 Caravan
32:37 Fletching
32:49 Padded Archer Armor
34:37 Thumb Ring
35:07 Leather Archer Armor
37:49 Wheelbarrow
37:43 Bodkin Arrow
41:05 Imperial Age
41:11 Imperial Age
39:25 Hand Cart
40:05 Scale Barding Armor
40:13 Town Watch
41:26 Halberdier
42:58 Conscription
Koi boy 1999
10:32 Feudal Age
11:15 Horse Collar
11:24 Double-Bit Axe
20:59 Castle Age
19:58 Stone Mining
20:45 Gold Mining
24:24 Loom
25:07 Thumb Ring
24:24 Crossbowman
26:01 Bow Saw
28:38 Wheelbarrow
27:53 Town Watch
31:59 Pikeman
33:48 Murder Holes
34:14 Ballistics
38:41 Scale Barding Armor
38:27 Fletching
Connection lost

Rejoining the realm…

Still unreachable

The connection could not be restored.

Session expired

The server has moved on; the page needs a fresh start.